 Dungeon Crawl Stone Soup version 0.20-a0-1122-gb7cbeb9 (webtiles) character file.

91 anfisbena the Skirmisher (level 4, 0/45 HPs)
             Began as a Troll Fighter on May 14, 2017.
             Killed from afar by an orc wizard (2 damage)
             ... with a magic dart
             ... on level 3 of the Dungeon.
             The game lasted 00:01:22 (1363 turns).

anfisbena the Skirmisher (Troll Fighter)            Turns: 1363, Time: 00:01:23

Health: 0/45       AC:  5    Str: 24    XL:     4   Next: 33%
Magic:  3/3        EV: 12    Int:  4    God:
Gold:   113        SH:  8    Dex: 10    Spells: 3/3 levels left

rFire    . . .     SeeInvis .     - Unarmed
rCold    . . .     Gourm    +   b - +0 shield
rNeg     . . .     Faith    .   a - +0 robe
rPois    .         Spirit   .   (helmet restricted)
rElec    .         Reflect  .   (no cloak)
rCorr    .         Harm     .   (gloves unavailable)
MR       .....                  (boots unavailable)
Stlth    +.........             (no amulet)
Regen    0.6/turn               k - +4 ring of evasion
MPRegen  0.1/turn               (no ring)

@: no status effects
A: unfitting armour, claws 3, fast metabolism 3, gourmand, regeneration 1,
shaggy fur 1, tough skin 2
a: no special abilities


You were on level 3 of the Dungeon.
You were completely stuffed.

You visited 1 branch of the dungeon, and saw 3 of its levels.

You collected 113 gold pieces.

Inventory:

Armour
 a - a +0 robe (worn)
 b - a +0 shield (worn)
Jewellery
 k - a +4 ring of evasion (left claw)
Scrolls
 e - 4 scrolls of identify {unknown}
 f - a scroll of random uselessness {unknown}
 l - 3 scrolls of remove curse {unknown}
 m - a scroll of noise {unknown}
Potions
 c - a potion of might
 h - a potion of heal wounds {unknown}
 i - 2 potions of resistance {unknown}
 j - a potion of berserk rage {unknown}
 n - a potion of degeneration {unknown}
 o - a potion of haste {unknown}
Comestibles
 d - 3 bread rations
 g - 2 meat rations
 p - a chunk of flesh


   Skills:
 + Level 3.5 Fighting
 - Level 2.4 Dodging
 - Level 2.4 Shields
 + Level 3.4 Unarmed Combat


You had 3 spell levels left.
You didn't know any spells.

Dungeon Overview and Level Annotations

Branches:
Dungeon (3/15)

Altars:


Innate Abilities, Weirdness & Mutations

You are too large for most types of armour.
You have claws for hands.
Your metabolism is lightning-fast.
You like to eat raw meat.
Your natural rate of healing is unusually fast.
You are covered in fur. (AC +1)
You have very tough skin. (AC +2)


Message History

* * * LOW HITPOINT WARNING * * *
The orc hits you but does no damage. The orc wizard misses you.
You hear some strange, mumbled words.
A magic dart appears from out of thin air!
The magic dart hits you!
* * * LOW HITPOINT WARNING * * *
You scratch the orc wizard.
The orc wizard is heavily wounded.
Something hits you but does no damage. The kobold hits you.
* * * LOW HITPOINT WARNING * * *
The orc hits you with a club.
* * * LOW HITPOINT WARNING * * *
The orc wizard hits you with a dagger.
* * * LOW HITPOINT WARNING * * *
The kobold throws a stone.
The orc misses you. Something completely misses you.
You barely miss something.
You hear some strange, mumbled words.
A magic dart appears from out of thin air!
The magic dart hits you!
You die...

########### ###.........#
#.@......##.#
#######{#.####.##.#
......oo#.####.##.#######
....<.[).K...............
.#####...................
........#.#(..######
#####.##...##.##
#.###..##.# .#
#..##.#####


You could see an orc wizard, an orc and a kobold.

Vanquished Creatures
  An orc priest (D:3)
  2 adders
  2 leopard geckos (D:2)
  2 ball pythons
  4 bats
  A giant cockroach (D:1)
  4 goblins (D:1)
  7 hobgoblins
  7 jackals (D:1)
  A quokka (D:3)
  A kobold (D:2)
  3 rats
35 creatures vanquished.

Notes
Turn   | Place    | Note
-------+----------+-------------------------------------------
     0 | D:1      | anfisbena the Troll Fighter began the quest for the Orb.
     0 | D:1      | Reached XP level 1. HP: 22/22 MP: 0/0
   143 | D:1      | Reached XP level 2. HP: 23/29 MP: 1/1
   659 | D:2      | Reached XP level 3. HP: 36/36 MP: 2/2
  1356 | D:3      | Reached XP level 4. HP: 17/45 MP: 3/3
  1360 | D:3      | HP: 1/45 [orc wizard/dagger (2)]
  1363 | D:3      | Killed from afar by an orc wizard

Vault maps used:
D:1:      lightli_arrival_isolated_outpost
D:3:      first_bread, uniq_ijyb

Skill      XL: |  1  2  3 |
---------------+----------+-----
Fighting       | 3 |  3.5
Unarmed Combat | 3 |  3.4
Dodging        | |  2.4
Shields        | |  2.4

Action                   |  1- 3 |  4- 6 || total
-------------------------+-------+-------++-------
Melee: Unarmed           |    96 |     5 ||   101
  Eat: Chunk             |    18 |       ||    18
Armor: Robe              |    42 |     4 ||    46
Dodge: Dodged            |    40 |     5 ||    45
Block: Shield            |    52 |     3 ||    55
